[Event "Grenke Chess Classic 4th"]
[Site "Karlsruhe/Baden-Baden"]
[Date "2017.04.15"]
[Round "1"]
[White "Hou, Yifan"]
[Black "Caruana, Fabiano"]
[Result "1-0"]
[ECO "C67"]
[WhiteElo "2649"]
[BlackElo "2817"]
[Annotator "Moradiabadi,E"]
[PlyCount "79"]
[EventDate "2017.04.15"]
[EventType "tourn"]
[EventRounds "7"]
[EventCountry "GER"]
[EventCategory "20"]
[SourceTitle "CBM 178"]
[Source "ChessBase"]
[SourceDate "2017.05.14"]
[SourceVersion "1"]
[SourceVersionDate "2017.05.14"]
[SourceQuality "1"]
[TimeControl "60"]

1. e4 {[%emt 0:00:00] In this game, Fabiano kept his decisive-result streak by
losing to Hou Yifan. This is the second time a lady has beaten a 2800, if my
recollection of chess history is still working!} e5 2. Nf3 Nc6 3. Bb5 Nf6 {[%emt 0:00:
00] Fabiano opts for the solid Berlin. His Spanish adventure in the Breyer
went sour against Zherebukh in the US championship.} 4. O-O Nxe4 5. Re1 {[%emt 0:00:28] Hou Yifan goes for an ultra solid
line. This is the problem with the Berlin these days. If White so decides, he
or she can kill all of Black's counterplay and reduce his winning chances to
zero!} Nd6 6. Nxe5 Be7 7.
Bf1 O-O 8. d4 Nf5 9. Nf3 d5 10. c3 Bd6 11. Nbd2 {[%emt 0:00:00] A rare line after some thought.
Black hopes to achieve a setup with ...Qf6, ...h6 and Nc6-e7, but White is
planning to play Bd3 and Nd2-f1-Ng3 to kill all Black's activity on the
kingside. The tricky thing about this move is that it is hard to understand if
White wants to concede a draw or still has some ambition to play on in this
position.} Nce7 12. Qc2 $146 c6 13. Bd3 {[%emt 0:04:07] Transposes to Topalov-Nakamura.} g6 14. Nf1 f6 $6 {[%emt 0:08:40] I am not sure if I can be
a fan of this move. It certainly covers the e5-square but it damages Black's
king for the rest of the game and almost kills the idea of any breakthrough or
active plan for Black. Now White has a simple play: occupy the e-file and wait!
} (14... Ng7 15. Ng3 f6 16. Bh6 Re8 17. Nh4 Bxg3 18. hxg3 Nef5 19. Qd2 g5 20.
Rxe8+ Qxe8 21. Re1 Qd8 22. Nxf5 Nxf5 23. Bxf5 Bxf5 24. Qe2 Kf7 25. g4 Bd7 26.
f4 Kg6 27. fxg5 fxg5 28. Qe5 Qf6 29. Qh2 Bxg4 30. Re5 Bf5 31. g4 Bxg4 32. Rxg5+
Qxg5 33. Bxg5 Kxg5 34. Qxh7 b6 35. Qb7 Rc8 36. Qxa7 b5 37. b3 Kf4 38. Kf2 Bf5
39. a4 bxa4 40. bxa4 Ke4 41. a5 Rh8 42. Qc7 Kd3 43. a6 {1-0 (43) Topalov,V 
(2760)-Nakamura,H (2779) Saint Louis 2016}) 15. h3 Rf7 16. Bd2 Bd7 17. Re2 c5 $2 {[%emt 0:05:11] A strange decision by Fabiano, which was made
too quickly. Black is already in a difficult situation and misses what turns
out to be a decisive moment. Caruana's choice does not really cause White any
trouble and only exacebrates his own tenuous situation.} ({Black needed to
prepare his ...c5 idea with} 17... b6 $1 {If White lashes out with} 18. c4 {
then Black plays} dxc4 19. Bxc4 Nd5 20. Rae1 Rc8 {and Black should be ok.}) 18.
dxc5 Bxc5 {[%emt 0:00:04] Now Black is also saddled with an
isolated pawn with no obvious compensation.} 19. Bf4 (19. Ne3
{is also annoying.}) 19... Rc8 20. Rae1 g5 $6 (20... b5 {followed by ...a5 would have been my choice in
this position. Nevetheless, the position remains really bad for Black. Caruana,
however decides to go for a 'make or break' direction in my opinion.}) 21. Ng3
$1 {[%emt 0:23:24] A very strong move after a long think. Hou Yifan eliminates
Black's only active piece and takes away all of Black's possible play, leaving
him with numerous weaknesses.} Nxg3 22. Bxg3 a5 $6 {[%emt 0:06:04] Although I could say this move is weakening, the truth
is that it is hard to suggest anything for Black. These pawn moves are more
aimed at stopping White than expanding for Black.} 23. Qd2 a4 24. b4 axb3 25. axb3 {
[%emt 0:00:03] White's advantage is near decisive. h4, b4, or even c4 may lead
to opening the game into an uncomfortable situation for Black.} Ng6 26. h4 (26. b4 Bf8 27. Bc2 Bc6 (27... Bb5 28. Re3 f5
29. Re6 f4 30. Bxg6 hxg6 31. Bh2 {and White is almost attacking every single
pawn in Black's camp}) 28. Nd4 $18) 26... gxh4 27. Nxh4 Nxh4 28. Bxh4 Qf8 29. Qf4 Bd6 30. Qd4 {[%emt 0:00:17]
It is really hard to suggest a good move for Black!} Rd8 31.
Re3 Bc8 32. b4 $1 {[%emt 0:03:24] World
women No. 1 player takes her time.} Kg7 ({She sees that after
} 32... Be5 33. Rxe5 fxe5 34. Rxe5 Re8 35. Rxd5 {Her attack on Black's king is
decisive.}) 33. Bb5 {[%emt 0:01:17] Now Re8 is a threat that cannot be
prevented.} Bc7 34. Re8 (34. Be8 {is simpler
and it also looks cute!}) 34... Qd6 35. Bg3 Qb6 36. Qd3 Bd7 37. Bxd7 Rdxd7 38. Qf5 $1 {[%emt 0:00:11] The Chinese
star had seen through these lines when she played Qd3.} Bxg3 39. Qg4+ Kh6 40. Qh3+ {[%emt 0:00:00] A
great victory for Hou Yifan.} 1-0